 Dungeon Crawl Stone Soup version 0.32-a0-933-ga8fa3634e4 (webtiles) character file.

Game seed: 14461198494699524758

3019 KennySheep the Trooper (level 10, -1/80 HPs)
             Began as a Formicid Wanderer on Apr 15, 2024.
             Was a Follower of Beogh.
             Slain by Joseph
             ... wielding a +0 quarterstaff
              (5 damage)
             ... on level 7 of the Dungeon.
             The game lasted 00:26:52 (6589 turns).

KennySheep the Trooper (Formicid Wanderer)          Turns: 6589, Time: 00:26:52

Health: -1/80      AC: 13    Str: 22    XL:     10   Next: 10%
Magic:  15/15      EV:  6    Int: 12    God:    Beogh [*.....]
Gold:   334        SH:  0    Dex: 12    Spells: 16/16 levels left

rFire   . . .        a - +4 spear
rCold   . . .        (no shield)
rNeg    . . .        g - +0 plate armour
rPois   .            (helmet unavailable)
rElec   .            (no cloak)
rCorr   +            (no gloves)
SInv    +            (no boots)
Will    +....        (no amulet) Stlth
                     c - ring of resist corrosion
HPRegen 0.33/turn    (no ring)
MPRegen 0.14/turn

%: no passive effects
@: mighty
A: permanent stasis, dig shafts and tunnels, antennae 3, four strong arms
a: Dig, Shaft Self, Renounce Religion


You were on level 7 of the Dungeon.
You worshipped Beogh.
Beogh was aware of your devotion.
You visited 2 branches of the dungeon, and saw 8 of its levels.

You collected 334 gold pieces.

Inventory:

Hand Weapons
 a - a +4 spear (weapon)
 b - a +0 mace
Armour
 d - a +0 leather armour
 g - a +0 plate armour (worn)
Jewellery
 c - a ring of resist corrosion (left hand)
Wands
 o - a wand of mindburst (32)
 s - a wand of flame (21)
 u - a wand of charming (7)
Scrolls
 e - 2 scrolls of immolation
 f - a scroll of fog
 h - 2 scrolls of teleportation
 k - 3 scrolls of revelation
 p - a scroll of amnesia
 t - a scroll of enchant weapon
Potions
 j - 2 potions of haste
 n - a potion of enlightenment {unknown}
 r - 2 potions of attraction


   Skills:
 + Level 7.8 Fighting
 - Level 1.0 Maces & Flails
 + Level 7.6 Polearms
 + Level 6.9 Armour
 - Level 1.0 Dodging
 - Level 1.2 Stealth
 + Level 3.6 Spellcasting
 + Level 7.4 Invocations


You had 16 spell levels left.
You didn't know any spells.
Your spell library was empty.

Dungeon Overview and Level Annotations

Branches:
Dungeon (7/15)             Temple (1/1) D:5

Altars:
Ashenzari
Dithmenos
Elyvilon
Fedhas
Gozag
Hepliaklqana
Kikubaaqudgha
Makhleb
Nemelex Xobeh
Okawaru
Ru
Sif Muna
Trog
Vehumet
Wu Jian
Yredelemnul
Zin
The Shining One
Beogh

Shops:
D:1 =   D:6 [

Annotations:
D:3 1 runed translucent door, Crazy Yiuf
D:5 Eustachio
D:7 Dowan, Duvessa, Joseph


Innate Abilities, Weirdness & Mutations

Your facial features look somewhat orcish.
You cannot be hasted, slowed, berserked, paralysed or teleported.
You can dig through walls and to a lower floor.
You have a pair of large antennae on your head. (SInv)
Your four strong arms can wield two-handed weapons with a shield.


Message History

You hit Joseph.
Joseph is moderately wounded.
Joseph closely misses you.
The steam dragon is attracted toward you.
As you read the scroll of fear, it crumbles to dust.
You assume a fearsome visage.
Joseph resists with some effort.
The steam dragon looks frightened!
Joseph hits you with a +0 quarterstaff!
The steam dragon is attracted toward you.
You barely miss Joseph.
Joseph is moderately wounded.
Joseph hits you with a +0 quarterstaff!
* * * LOW HITPOINT WARNING * * *
You feel less attractive to monsters.
You hit Joseph.
Joseph is heavily wounded.
Joseph hits you with a +0 quarterstaff.
* * * LOW HITPOINT WARNING * * *
You puncture Joseph!
Joseph is heavily wounded.
You puncture Joseph!
Joseph is severely wounded.
Joseph completely misses you.
You barely miss Joseph.
Joseph is severely wounded.
Joseph hits you with a +0 quarterstaff!
* * * LOW HITPOINT WARNING * * *
You feel better. Joseph hits you but does no damage.
You feel very mighty all of a sudden. Joseph hits you with a +0 quarterstaff!
* * * LOW HITPOINT WARNING * * *
You hit Joseph.
Joseph is severely wounded.
You completely miss Joseph.
Joseph is severely wounded.
Joseph hits you with a +0 quarterstaff.
* * * LOW HITPOINT WARNING * * *
You puncture Joseph!
Joseph is almost dead.
Joseph hits you with a +0 quarterstaff.
You die...

#.#####.##.####
#.#####.#..#####.
#................
########...##### ###
#...# ... #...# #.#
#...####### #.#
#.........# #.#
#@..#####.###.#
.......@.$........##.####
...................#....
.......>..........###.##
.#.####.........##.#.##
#.## #$..########..##
,... #...# #)##
####@##...# #{#
#.........# #.#


You could see Joseph.

Vanquished Creatures
  Pikel (D:6)
  Grinder (D:3)
  Sigmund (D:5)
  4 vampire mosquitoes
  Menkaure (D:5)
  Edmund (D:6)
  An ice beast (D:6)
  2 orc warriors (D:6)
  An ogre (D:6)
  2 centaurs
  A phantom (D:6)
  2 lemures (D:6)
  A bullfrog (D:6)
  2 scorpions (D:6)
  An electric eel (D:6)
  A bombardier beetle (D:7)
  6 hounds
  3 jellies
  2 sleepcaps (D:6)
  4 iguanas
  2 orc wizards
  10 adders
  2 shadow imps
  A white imp (D:5)
  An ufetubus (D:6)
  2 dart slugs
  A ribbon worm (D:2)
  2 orcs
  3 endoplasms (D:1)
  3 giant cockroaches
  3 goblins
  8 hobgoblins
  8 jackals
  A quokka (D:1)
  8 ball pythons
  8 bats
  5 frilled lizards
  8 kobolds
  12 rats
126 creatures vanquished.

Vanquished Creatures (others)
  2 orcs
2 creatures vanquished.

Grand Total: 128 creatures vanquished

Notes
Turn   | Place    | Note
-------+----------+-------------------------------------------
     0 | D:1      | KennySheep the Formicid Wanderer began the quest for the
                  | Orb.
     0 | D:1      | KennySheep set off with the following items: a +3 spear, a
                  | +0 mace, a potion of invisibility, a +0 leather armour.
     0 | D:1      | Reached XP level 1. HP: 18/18 MP: 1/1
   158 | D:1      | Found Urghyamm's Jewellery Shop.
   185 | D:1      | Reached XP level 2. HP: 21/24 MP: 2/2
   267 | D:1      | Reached skill level 1 in Armour
   304 | D:1      | Found a faded altar of an unknown god.
   312 | D:1      | Prayed at the altar of an unknown god.
   312 | D:1      | Became a worshipper of Beogh the Shepherd
   312 | D:1      | Reached * piety under Beogh
   414 | D:1      | Reached XP level 3. HP: 30/30 MP: 3/3
  1482 | D:2      | Reached skill level 1 in Invocations
  1491 | D:2      | Reached XP level 4. HP: 37/37 MP: 4/4
  1495 | D:2      | Reached ** piety under Beogh
  1724 | D:3      | Noticed Grinder
  1754 | D:3      | Killed Grinder
  1755 | D:3      | Reached skill level 5 in Polearms
  1755 | D:3      | Reached XP level 5. HP: 20/43 MP: 0/7
  1755 | D:3      | Reached XP level 6. HP: 23/49 MP: 0/8
  1869 | D:3      | Found a sacrificial altar of Ru.
  1916 | D:3      | Found a glowing silver altar of Zin.
  2537 | D:3      | Found a runed translucent door.
  2538 | D:3      | Noticed Crazy Yiuf
  2776 | D:3      | Found a white marble altar of Elyvilon.
  2894 | D:4      | Reached XP level 7. HP: 24/55 MP: 9/9
  2916 | D:4      | Reached skill level 5 in Fighting
  3418 | D:5      | Entered Level 5 of the Dungeon
  3419 | D:5      | Noticed a vampire mosquito
  3451 | D:5      | Noticed a vampire mosquito
  3452 | D:5      | Noticed a vampire mosquito
  3459 | D:4      | Killed a vampire mosquito
  3499 | D:5      | Noticed a vampire mosquito
  3506 | D:4      | Killed a vampire mosquito
  3507 | D:4      | Reached XP level 8. HP: 17/64 MP: 4/11
  3804 | D:5      | Reached skill level 5 in Invocations
  3806 | D:5      | Reached skill level 5 in Armour
  3916 | D:5      | Noticed Sigmund
  3918 | D:5      | Killed Sigmund
  4017 | D:5      | Noticed Menkaure
  4018 | D:5      | Killed Menkaure
  4019 | D:5      | Reached XP level 9. HP: 71/71 MP: 9/13
  4141 | D:5      | Reached skill level 1 in Spellcasting
  4198 | D:5      | Found a staircase to the Ecumenical Temple.
  4207 | Temple   | Entered the Ecumenical Temple
  4272 | D:5      | Noticed Eustachio
  4425 | D:5      | You fall into a shaft and drop 2 floors!
  4480 | D:7      | Identified the +6 long sword of the Floral God {flame,
                  | *Slow rN++ Str+6}
  4513 | D:7      | Noticed Dowan
  4527 | D:7      | Noticed Duvessa
  4818 | D:6      | Found Biduhyroth's Armour Shoppe.
  4818 | D:6      | Noticed Pikel
  4851 | D:6      | Killed Pikel
  5379 | D:6      | Found a shimmering blue altar of Sif Muna.
  5379 | D:6      | Found a glowing golden altar of the Shining One.
  5739 | D:6      | Noticed Edmund
  5758 | D:6      | Killed Edmund
  5766 | D:6      | Reached XP level 10. HP: 59/79 MP: 9/15
  6221 | D:7      | Noticed Joseph
  6588 | D:7      | HP: 4/80 [Joseph/+0 quarterstaff (4)]
  6589 | D:7      | Slain by Joseph

Illustrated notes

Levels and vault maps discovered:
D:1:      dpeg_arrival_windows_large_door, layout_basic,
          chequers_ecumenical_altar_simple_redux, serial_shops, shop,
          minmay_hexomino_r4
D:2:      layout_rooms, serial_co_window_serial, co_window_paths_a,
          co_window_paths_a, co_window_paths_a, co_window_paths_a,
          co_window_paths_b, co_window_broadway_b, co_window_of_opportunity_c,
          co_window_unsneaky_path_d, co_window_unsneaky_path_a,
          co_window_of_opportunity_b, co_window_sun, co_window_4corner_b,
          glass_columns_a, serial_bayou_pond_d, minmay_indecisive_spiral
D:3:      layout_loops_corners, nicolae_ru_sacrificial_ziggurat,
          mainiacjoe_overflow_big_doors, uniq_crazy_yiuf_cottage, uniq_grinder
D:4:      layout_rooms, due_unseen_surprise
D:5:      layout_rooms, minmay_temple_entry_crystal_x, uniq_sigmund,
          uniq_menkaure, uniq_eustachio
D:6:      layout_cave_pods, gammafunk_temple_overflow_wave, serial_shops, shop,
          amcnicky_mini_pool_medium, uniq_pikel, uniq_edmund
D:7:      layout_loops_cross, ebering_ghost_disaster_area, uniq_duvessa,
          uniq_joseph
Temple:   compressed_dpeg_triangle_lava_temple

Skill      XL: |  1  2  3  4  5  6  7  8  9 |
---------------+----------------------------+-----
Armour         | 1 3 4 5 6 |  6.9
Invocations    | 1 2 3 4 5 7 |  7.4
Fighting       | 4 5 6 7 |  7.8
Polearms       | 5 6 7 |  7.6
Spellcasting   | 3 |  3.6
Maces & Flails | |  1.0
Dodging        | |  1.0
Stealth        | |  1.2

Action                     |  1- 3 |  4- 6 |  7- 9 | 10-12 || total
---------------------------+-------+-------+-------+-------++-------
  Melee: Spear             |    92 |   110 |   322 |    61 ||   585
 Invoke: Smiting           |       |     2 |    14 |       ||    16
    Use: Potion            |     2 |     2 |     5 |     3 ||    12
         Scroll            |       |     6 |     4 |     3 ||    13
   Stab: Sleeping          |     1 |       |       |       ||     1
         Invisible         |     2 |       |       |       ||     2
 Armour: Leather armour    |    33 |       |       |       ||    33
         Plate armour      |    14 |   104 |   257 |    48 ||   423
  Dodge: Dodged            |    31 |    20 |    78 |    13 ||   142

Table legend: (Time is in decaauts)
 A = Elapsed time spent in this place.
 B = Non-inter-level travel time spent in this place.
 C = Inter-level travel time spent in this place.
 D = Time resting spent in this place.
 E = Time spent auto-exploring this place.
 F = Levels seen in this place.
 G = Mean time per level.
                   A        B        C        D        E       F      G
               +--------+--------+--------+--------+--------+-----+--------+
         Total |   6475 |   6229 |    246 |    941 |   4105 |   8 |  809.4 |
       Dungeon |   6473 |   6227 |    246 |    941 |   4105 |   7 |  924.7 |
        Temple |      1 |      1 |      0 |      0 |      0 |   1 |    1.0 |
               +--------+--------+--------+--------+--------+-----+--------+

Top non-repeatable levels by time:
     D:6: 1666 daAuts
     D:3: 1201 daAuts
     D:2: 975 daAuts
     D:4: 776 daAuts
     D:5: 765 daAuts
     D:1: 667 daAuts
     D:7: 419 daAuts
  Temple: 1 daAuts
